Map: Void Thrashing

Players

wasp

  • Race: Protoss Protoss
  • Spawn Location: 6:00

NamroodTuo

  • Race: Terran Terran
  • Spawn Location: 9:00

VOD

Have the link to the VOD?

Description

Time

  • Played on: March 6, 2023, 2:06 p.m.
  • Length: 24:34
Show
View Real Time Build Order
Export as new Build Order

wasp Protoss 

Build Orders:  

Get SALT Encoding   

  12  0:11  Probe (Chrono Boost)  
  13  0:23  Probe (Chrono Boost)  
  14  0:35  Probe (Chrono Boost)  
  15  0:42  Pylon  
  15  1:02  Pylon  
  15  1:05  Probe (Chrono Boost)  
  16  1:13  Pylon  
  16  1:17  Pylon  
  16  1:35  Assimilator  
  16  1:42  Assimilator  
  16  1:54  Probe (Chrono Boost)  
  17  2:06  Probe (Chrono Boost)  
  18  2:18  Probe (Chrono Boost), Gateway  
  19  2:30  Probe (Chrono Boost)  
  20  2:40  Forge  
  20  2:42  Probe (Chrono Boost)  
  21  2:54  Probe (Chrono Boost)  
  22  3:06  Probe (Chrono Boost)  
  23  3:18  Probe (Chrono Boost)  
  24  3:30  Probe (Chrono Boost)  
  25  3:59  Probe (Chrono Boost)  
  26  4:11  Probe (Chrono Boost)  
  27  4:36  Khaydarin Monolith  
  27  4:43  Khaydarin Monolith  
  27  4:55  Khaydarin Monolith  
  27  5:25  Gateway  
  27  5:37  Pylon  
  27  5:46  Gateway  
  27  5:49  Sentinel, Gateway  
  27  5:55  Sentinel  
  27  6:03  Probe (Chrono Boost)  
  27  6:04  Gateway  
  27  6:05  Probe (Chrono Boost)  
  27  6:08  Probe (Chrono Boost)  
  28  6:10  Probe (Chrono Boost)  
  28  6:12  Probe (Chrono Boost)  
  28  6:14  Sentinel  
  38  6:45  Sentinel  
  38  6:47  Sentinel  
  42  7:12  Sentinel x2  
  42  7:13  Sentinel  
  42  7:18  Sentinel  
  48  7:21  Sentinel  
  52  7:45  Sentinel  
  54  8:31  Pylon  
  54  8:35  Pylon  
  54  8:43  Pylon  
  54  8:48  Pylon  
  54  8:51  Sentinel x2  
  54  8:52  Solar Efficiency Level 1  
  58  9:06  Sentinel x2  
  58  9:08  Sentinel  
  64  9:33  Sentinel x2  
  68  10:02  Sentinel  
  68  10:03  Sentinel x2  
  74  10:16  Sentinel x2  
  74  10:23  Sentinel  
  74  10:30  Pylon  
  74  10:34  Pylon  
  74  10:48  Sentinel  
  82  11:55  Sentinel  
  82  11:56  Sentinel x3  
  82  11:57  Sentinel  
  90  14:20  Sentinel x2  
  90  14:21  Sentinel x3  
  98  14:53  Sentinel x2  
  102  15:14  Nexus  
  102  15:31  Assimilator  
  102  15:38  Assimilator  
  102  16:26  Sentinel  
  102  16:32  Sentinel  
  102  16:33  Sentinel  
  102  16:34  Sentinel  
  102  16:36  Sentinel  
  102  16:42  Sentinel  
  102  16:43  Sentinel  
  102  16:44  Sentinel x3  
  102  16:49  Sentinel  
  94  16:50  Sentinel x3  
  94  16:51  Sentinel  
  94  16:55  Sentinel  
  94  16:57  Sentinel x2  
  36  18:27  Probe (Chrono Boost)  
  36  18:39  Probe (Chrono Boost)  
  34  18:51  Probe (Chrono Boost)  
  34  18:56  Protoss Ground Weapons Level 1  
  35  19:03  Probe (Chrono Boost)  
  36  19:16  Probe (Chrono Boost)  
  37  19:28  Sentinel x2  
  37  19:29  Sentinel x3  
  47  20:01  Sentinel x2  
  47  20:02  Sentinel x3  
  57  20:34  Sentinel x2  
  57  20:35  Sentinel, Enhanced Targeting  
  61  20:52  Sentinel x2  
  61  20:53  Sentinel x2  
  61  20:54  Sentinel  
  61  20:58  Sentinel x2  
  57  21:00  Sentinel x3  
  47  22:19  Optimized Ordinance  
  37  22:37  Sentinel x2  
  37  22:38  Sentinel x3  
  47  23:10  Sentinel x2  
  47  23:11  Sentinel x3  
  49  23:43  Sentinel x2  
  49  23:44  Sentinel x3  
Show
View Real Time Build Order
Export as new Build Order

NamroodTuo Terran 

Build Orders:  

Get SALT Encoding   

  12  0:06  SCV  
  13  0:17  SCV  
  13  0:28  Supply Depot  
  14  0:32  SCV  
  15  0:44  SCV  
  16  0:56  SCV  
  17  1:07  SCV  
  17  1:19  SCV  
  18  1:28  Supply Depot  
  19  1:31  SCV  
  20  1:43  SCV  
  20  1:49  Supply Depot  
  21  1:55  SCV  
  22  2:07  SCV  
  23  2:10  Supply Depot  
  23  2:18  SCV  
  24  2:30  SCV, Factory  
  25  2:42  SCV  
  26  2:54  SCV  
  26  2:58  Refinery  
  27  3:06  SCV  
  27  3:07  Refinery  
  28  3:17  SCV  
  28  3:29  SCV  
  29  3:30  Perdition Turret  
  29  3:33  Perdition Turret  
  29  3:37  Perdition Turret, Upgrade Laser Drill Level 1  
  30  3:41  SCV  
  31  3:53  SCV  
  32  4:05  SCV  
  33  4:15  Devastation Turret  
  33  4:39  Armory  
  33  4:45  Perdition Turret  
  33  4:48  Perdition Turret  
  33  4:54  Perdition Turret  
  33  4:56  Perdition Turret  
  33  5:09  Devastation Turret  
  33  5:31  Fire-Suppression Systems  
  33  5:47  Engineering Bay  
  33  5:57  KMC Auto-Loaders  
  33  6:00  SCV  
  33  6:05  SCV  
  33  6:07  Factory Tech Reactor, SCV  
  33  6:09  SCV  
  34  6:15  Starport  
  37  6:35  Starport  
  37  7:08  Spinning Dizzy  
  37  7:11  Perdition Turret  
  37  7:19  Hi-Sec Auto Tracking  
  37  7:29  Perdition Turret  
  37  7:30  Perdition Turret  
  37  7:32  Perdition Turret  
  37  7:41  Terran Vehicle and Ship Weapons Level 1  
  37  7:46  Devastation Turret  
  37  7:52  Spinning Dizzy  
  37  7:55  Starport Tech Reactor x2  
  37  7:57  Spinning Dizzy  
  37  8:07  Perdition Turret  
  37  8:25  Devastation Turret  
  37  8:36  Command Center  
  37  8:40  Terran Vehicle And Ship Armor Level 1  
  37  9:00  Perdition Turret  
  37  9:12  Science Vessel, Spinning Dizzy  
  37  9:13  Science Vessel  
  37  9:17  Devastation Turret  
  41  9:36  Supply Depot  
  41  10:08  Supply Depot  
  41  10:15  Wraith x4  
  41  10:22  Wraith  
  51  11:05  Advanced Optics  
  51  11:08  Science Vessel  
  51  11:09  Science Vessel  
  55  11:26  SCV  
  56  11:38  SCV  
  72  11:50  SCV  
  55  11:59  Science Vessel  
  48  12:01  SCV, Wraith x2  
  55  12:14  Refinery  
  55  12:17  SCV  
  55  12:18  Refinery  
  55  12:29  SCV  
  57  12:41  SCV, Wraith x2  
  57  12:42  Wraith  
  64  12:53  SCV  
  65  13:05  SCV  
  66  13:17  SCV  
  67  13:28  SCV  
  67  13:31  Supply Depot  
  67  13:33  Supply Depot  
  68  13:40  SCV  
  68  13:43  Wraith  
  71  13:52  SCV, Upgrade Laser Drill Level 2  
  72  14:04  SCV  
  72  14:05  Science Vessel  
  72  14:06  Wraith  
  73  14:16  SCV  
  78  14:22  Terran Vehicle And Ship Armor Level 2  
  78  14:27  SCV  
  78  14:32  Supply Depot  
  78  14:34  Supply Depot  
  78  14:36  Wraith x2  
  78  14:39  SCV  
  79  14:41  Wraith  
  79  14:43  Perdition Turret  
  79  14:44  Perdition Turret  
  79  14:46  Science Vessel  
  86  14:51  SCV  
  89  15:10  Science Vessel  
  77  15:47  Structure Armor  
  65  16:52  Terran Vehicle and Ship Weapons Level 2  
  65  17:03  Wraith  
  65  17:04  Wraith  
  65  17:06  Wraith  
  65  17:08  Wraith  
  63  17:37  Science Vessel  
  63  17:38  Wraith  
  63  17:39  Science Vessel  
  71  17:42  Science Vessel  
  71  17:49  Supply Depot  
  79  17:52  Supply Depot  
  79  18:07  Supply Depot  
  79  18:10  Starport  
  79  18:16  Science Vessel  
  79  18:17  Supply Depot  
  79  18:19  Science Vessel  
  79  18:22  Wraith  
  85  18:41  Supply Depot  
  85  18:45  Supply Depot  
  85  19:08  Supply Depot  
  85  19:29  Wraith x2  
  81  19:30  Wraith x3  
  89  19:50  Regenerative Bio-Steel  
  89  20:04  Wraith x4  
  89  20:05  Wraith  
  99  20:27  Pulse Amplifier  
  99  20:29  Displacement Field  
  99  20:39  Wraith x4  
  99  20:45  Starport Tech Reactor  
  99  20:46  Science Vessel, Perdition Turret  
  109  20:51  Wraith x2  
  109  20:53  Wraith x3  
  109  20:58  Perdition Turret x2, Wraith x2  
  107  21:00  Wraith x3  
  107  21:01  Wraith  
  107  21:04  Wraith  
  107  21:05  Wraith  
  133  22:02  Wraith x5  
  133  22:03  Wraith  
  139  22:36  Wraith  
  139  22:37  Wraith x4  
  119  22:40  Wraith  
  103  23:11  Wraith x2  
  103  23:12  Wraith x3  
  103  23:15  Wraith  
  101  23:21  Perdition Turret x2  
  93  23:46  Wraith x3  
  93  23:47  Wraith  
Tags
 
Commander
KaraxSwann
Matchup
Co-op
Replay Pack
Multiplayer
Add a new tag
Caveats
  • Supply blocks, unpowered buildings, or Contaminate may cause inaccurate times.
  • Supply counts are checked every 10 seconds.